 Dungeon Crawl Stone Soup version 0.18-a0-1789-gbeff17f (webtiles) character file.

52 M4edhros the Grave Robber (level 3, 0/21 HPs)
             Began as an Octopode Necromancer on Apr 21, 2016.
             Hit by a tomahawk of returning thrown by an orc (6 damage)
             ... on level 4 of the Dungeon.
             The game lasted 00:06:18 (807 turns).

M4edhros the Grave Robber (Octopode Necromancer)     Turns: 807, Time: 00:06:19

Health: 0/21       AC:  6    Str:  7    XL:     3   Next: 85%
Magic:  1/6        EV: 12    Int: 17    God:
Gold:   51         SH:  0    Dex: 13    Spells: 2 memorised, 2 levels left

rFire  . . .     SeeInvis .     d - +0 falchion (protect)
rCold  . . .     Gourm    .     (no shield)
rNeg   . . .     Faith    .     (helmet restricted)
rPois  .         Spirit   .     (no amulet)
rElec  .         Dismiss  .     (no ring)
rCorr  .         Reflect  .     (no ring)
SustAt .         Harm     .     (no ring)
MR     .....                    (no ring)
Stlth  +++.......               (no ring)
                                (no ring)
                                (no ring)
                                (no ring)

@: hasted, very quick, not resistant to hostile enchantments, fairly stealthy
A: almost no armour, amphibious, 8 rings, constrict 8, camouflage 1, gelatinous
body 1
a: no special abilities


You were on level 4 of the Dungeon.
You were hungry.

You visited 1 branch of the dungeon, and saw 4 of its levels.

You collected 51 gold pieces.

Inventory:

Hand Weapons
 d - a +0 falchion of protection (weapon)
Missiles
 e - 22 stones (quivered)
 m - 7 sling bullets
Scrolls
 g - 2 scrolls of fog {unknown}
 j - a scroll of identify {unknown}
 k - 2 scrolls of remove curse {unknown}
Books
 a - a book of Necromancy

   Spells                             Type                      Level
   a - Pain                           Necromancy                   1
   b - Animate Skeleton               Necromancy                   1
   c - Vampiric Draining              Necromancy                   3
   d - Regeneration                   Charms/Necromancy            3
   e - Animate Dead                   Necromancy                   4
   f - Control Undead                 Necromancy                   4
Miscellaneous
 h - a plain deck of defence {drawn: 5}
Comestibles
 b - a bread ration
 c - 2 fruits
 i - a meat ration


   Skills:
 + Level 0.2 Fighting
 + Level 2.3 Dodging
 + Level 2.8 Stealth
 + Level 2.2 Spellcasting
 + Level 5.0 Necromancy


You had 2 spell levels left.
You knew the following spells:

 Your Spells              Type           Power        Failure   Level  Hunger
a - Pain                  Necr           ###.         2%          1    #......
b - Regeneration          Chrm/Necr      ##........   21%         3    ###....


Dungeon Overview and Level Annotations

Branches:
Dungeon (4/15)
 Temple: D:4-7

Altars:
Nemelex Xobeh

Annotations:
D:3 macross's ghost, amateur DgCj
D:4 Eustachio


Innate Abilities, Weirdness & Mutations

You cannot wear most types of armour.
You are amphibious.
You can wear up to eight rings at the same time.
You can use your tentacles to constrict eight enemies at once.
Your skin changes colour to match your surroundings (Stealth).
Your rubbery body absorbs attacks (AC +1).


Message History

Pain shoots through your body!
Casting: Pain
Confirm with . or Enter, or press ? or * to list all spells.
Aiming: Pain
Press: ? - help, Shift-Dir - straight line, f/p - orc priest
Aim: an orc priest, wielding a club (severely wounded, chance to defeat MR: 78%)
The orc priest barely resists.
Casting: Pain
Confirm with . or Enter, or press ? or * to list all spells.
Aiming: Pain
Press: ? - help, Shift-Dir - straight line, f/p - orc priest
Aim: an orc priest, wielding a club (severely wounded, chance to defeat MR: 78%)
The orc convulses in agony!
You are feeling hungry.
Drink which item? (? for menu, Esc to quit)
Okay, then.
Drink which item? (? for menu, Esc to quit)
You feel yourself speed up.
The orc throws a tomahawk of returning.
The tomahawk of returning hits you.
You die...

#.# #.# .o. #o#
#o# #.# #.# #@# #.
#.# #. #.# .. #.#
o #.####### .
#.......# #
#######.##########
#...........
###########.


You could see an orc priest, an orc wizard and an orc.

Vanquished Creatures
  Natasha (D:3)
  2 worms (D:2)
  2 dart slugs (D:1)
  A giant gecko (D:4)
  2 bats
  A giant cockroach (D:2)
  2 goblins
  3 hobgoblins
  A giant newt (D:1)
  2 kobolds (D:1)
  A rat (D:2)
18 creatures vanquished.

Notes
Turn   | Place    | Note
--------------------------------------------------------------
     0 | D:1      | M4edhros the Octopode Necromancer began the quest for the Orb.
     0 | D:1      | Reached XP level 1. HP: 11/11 MP: 3/3
   238 | D:3      | Noticed Natasha
   243 | D:3      | Killed Natasha
   243 | D:3      | Reached XP level 2. HP: 12/17 MP: 5/5
   243 | D:3      | Reached XP level 3. HP: 16/21 MP: 6/6
   306 | D:3      | Noticed macross's ghost (amateur DgCj)
   406 | D:2      | Learned a level 3 spell: Regeneration
   467 | D:1      | Found a sparkling altar of Nemelex Xobeh.
   624 | D:4      | Noticed a phantom
   627 | D:4      | Reached skill level 5 in Necromancy
   779 | D:4      | Noticed Eustachio
   807 | D:4      | Hit by a tomahawk of returning thrown by an orc

Vault maps used:
D:1:      dpeg_arrival_line_fractal, nemelex_deck
D:2:      marbit_many_paths, led_sif_pool, zin_academy, minmay_curled_crystal
D:3:      lightli_corner_chamber, uniq_natasha
D:4:      first_bread, uniq_eustachio

Skill      XL: |  1  2  3 |
---------------+----------+-----
Necromancy     | 5 |  5.0
Fighting       | |  0.2
Dodging        | |  2.3
Stealth        | |  2.8
Spellcasting   | |  2.2

Action                   || total
-------------------------++-------
Melee: Unarmed           ||     2
       Tentacles         ||     3
       Falchion          ||    26
       Constrict         ||     3
Throw: Stone             ||     1
 Cast: Pain              ||    33
       Regeneration      ||     2
Evoke: Deck              ||     5
  Use: Potion            ||     5
  Eat: Chunk             ||     1
Armor: Skin              ||     5
Dodge: Dodged            ||    12
